 Dungeon Crawl Stone Soup version 0.22-a0-596-gfbd32a6 (webtiles) character file.

24 royokou the Digger (level 3, -2/19 HPs)
             Began as a Gargoyle Earth Elementalist on July 5, 2018.
             Slain by an adder (3 damage)
             ... on level 2 of the Dungeon.
             The game lasted 00:05:55 (1231 turns).

royokou the Digger (Gargoyle Earth Elementalist)    Turns: 1231, Time: 00:05:56

Health: -2/19      AC:  6    Str: 11    XL:     3   Next: 2%
Magic:  0/6        EV: 11    Int: 16    God:
Gold:   33         SH:  0    Dex: 10    Spells: 1/7 levels left

rFire    . . .     SeeInvis .   h - +0 club
rCold    . . .     Gourm    .   (no shield)
rNeg     + . .     Faith    .   f - +0 leather armour
rPois    ∞         Spirit   .   (no helmet)
rElec    +         Reflect  .   (no cloak)
rCorr    .         Harm     .   (no gloves)
MR       .....                  (no boots)
Stlth    ++........             (no amulet)
HPRegen  0.06/turn              (no ring)
MPRegen  0.10/turn              (no ring)

@: very slightly contaminated
A: negative energy resistance 1, electricity resistance, unbreathing,
petrification resistance, rot immunity, AC +3
a: no special abilities


You were on level 2 of the Dungeon.
You were hungry.

You visited 1 branch of the dungeon, and saw 2 of its levels.

You collected 33 gold pieces.

Inventory:

Hand Weapons
 a - a +0 dagger
 h - a +0 club (weapon)
Missiles
 b - 19 stones (quivered)
Armour
 c - a +0 robe
 f - a +0 leather armour (worn)
Jewellery
 i - an uncursed ring of protection from magic {unknown}
Scrolls
 g - a scroll of random uselessness {unknown}
 j - a scroll of identify {unknown}
Potions
 e - a potion of might {unknown}
Comestibles
 d - 4 rations
 k - 2 chunks of flesh


   Skills:
 - Level 1.5 Dodging
 - Level 2.1 Stealth
 + Level 2.6 Spellcasting
 - Level 0.7 Transmutations
 + Level 4.3 Earth Magic


You had one spell level left.
You knew the following spells:

 Your Spells              Type           Power        Failure   Level  Hunger
a - Sandblast             Erth           ###...       4%          1    #......
b - Passwall              Tmut/Erth      ##......     14%         2    ##.....
c - Stone Arrow           Conj/Erth      #.....       30%         3    ###....

Your spell library contained the following spells:

 Spells                   Type           Power        Failure   Level  Hunger
 Lee's Rapid Deconstruct  Erth           ###.......   75%         5    ######.
 Petrify                  Tmut/Erth      ##......     65%         4    #####..


Dungeon Overview and Level Annotations

Branches:
Dungeon (2/15)

Altars:


Innate Abilities, Weirdness & Mutations

You are resistant to torment.
Your stone body is resilient. (AC +3)
You are immune to poison.
You resist negative energy. (rN+)
You are resistant to electric shocks. (rElec)
You can survive without breathing.
You are immune to petrification.
You are immune to rotting.


Message History

The adder is severely wounded.
The adder closely misses you.
Casting: Sandblast (safe; 4% risk of failure)
Confirm with . or Enter, or press ? or * to list all spells.
Aiming: Sandblast (safe; 4% risk of failure)
Press: ? - help, Shift-Dir - straight line, f/p - adder
Aim: an adder (severely wounded)
The blast of sand misses the adder.
b - 19 stones The adder bites you.
* * * LOW HITPOINT WARNING * * *
The adder bites you.
* * * LOW HITPOINT WARNING * * *
You barely miss the adder.
The adder is severely wounded.
The adder bites you but does no damage.
You hit the adder.
The adder is almost dead.
The adder bites you.
You die...

##.#........######
......#..........#
......#.########.# #
...##.#.# #.# ..
...<..#.# #.# ..#
...#.##.##### #.# ....
<...<...##.... #.# ....#
##########.....#.#......
.......@.# #######S.#
#...# #.#.# ...## #.#
#.# #..


You could see an adder.

Vanquished Creatures
  A dart slug (D:1)
  A giant cockroach (D:1)
  4 goblins (D:1)
  5 hobgoblins
  3 bats
  3 frilled lizards (D:1)
  3 kobolds (D:1)
  2 rats (D:1)
22 creatures vanquished.

Notes
Turn   | Place    | Note
-------+----------+-------------------------------------------
     0 | D:1      | royokou the Gargoyle Earth Elementalist began the quest for the Orb.
     0 | D:1      | Reached XP level 1. HP: 10/10 MP: 3/3
   203 | D:1      | Reached skill level 4 in Earth Magic
   203 | D:1      | Reached XP level 2. HP: 12/15 MP: 0/5
  1127 | D:2      | Reached XP level 3. HP: 19/19 MP: 1/6
  1182 | D:2      | Learned a level 2 spell: Passwall
  1186 | D:2      | Learned a level 3 spell: Stone Arrow
  1231 | D:2      | Slain by an adder

Vault maps used:
D:1:      grunt_arrival_crossed_arrows
D:2:      makhleb_blood_cavern_becter

Skill      XL: |  1 |
---------------+----+-----
Earth Magic    | 4 |  4.3
Dodging        | |  1.5
Stealth        | |  2.1
Spellcasting   | |  2.6
Transmutations | |  0.7

Action                   || total
-------------------------++-------
Melee: Unarmed           ||    25
       Club              ||    15
 Cast: Sandblast         ||    31
 Stab: Sleeping          ||     1
  Eat: Chunk             ||     1
Armor: Robe              ||     6
       Leather armour    ||     9
Dodge: Dodged            ||    31

Table legend:
 A = Spawn XP
 B = Non-spawn XP
 C = Spawn XP percentage of total XP
 D = Spawn monster count
 E = Non-spawn monster count
 F = Spawn count percentage of total count
 G = Total turns spent on level
                    A         B        C        D         E        F      G
               +---------+---------+-------+---------+---------+-------+---------
         Total |       0 |      35 |   0.0 |       0 |      22 |   0.0 |  1231
               +---------+---------+-------+---------+---------+-------+---------
           D:1 |       0 |      30 |   0.0 |       0 |      19 |   0.0 |  1102
           D:2 |       0 |       5 |   0.0 |       0 |       3 |   0.0 |   129
               +---------+---------+-------+---------+---------+-------+---------
